Frizzbo, chaotic female sylph Rogue --- ------------------ |.|---|................|---- |.|...|................|*((| -- |.|...-..--|--.........|%!%| |. --.|.. |..|..(|..-----..|...| |.....-----%.|...|--|((.|..--|---+- -..........|...| |((.-...I.........- --.........|---| |((.|......--+- | |..----...|(((| -----..{...| -..| +...|(((| ........| ..| |...| .. .....---+-- --- -.----...--|-- |..-+-- ---.-- |...|........| |. |....-----...|..#.....---- | ---- |<...........|-..[[{........| |..------...------...--..|[...#.....- |...........| |.......--........... ------......| ---.......--------....... --...--- ---.|....| - ...-- |..-- -----.-- -.-- ---- -- -- Frizzbo the Rogue Experience level: 6 Strength: 15 Dexterity: 18 Constitution: 15 Intelligence: 9 Wisdom: 11 Charisma: 8 Health: 0(40) Energy: 38(38) Def: 0 Gold: 204 Moves: 2546 Dungeon seed: u_09sUivnrq1kBWp Game ID: Frizzbo_1467220348 Your Inventory: Coins $ - 204 gold pieces Weapons d - the uncursed rustproof +0 Valerian (weapon in hand) i - an uncursed +0 elven dagger o - 7 uncursed +0 daggers w - a blessed +1 dagger G - 14 uncursed +0 daggers (in quiver) Z - a cursed -2 elven dagger Armor Y - an uncursed +0 dwarvish cloak (being worn) Wands h - an uncursed wand of opening (0:3) v - an uncursed wand of digging (0:6) Tools a - an uncursed oil lamp (0:845) f - an uncursed lock pick g - an uncursed blindfold l - 4 uncursed partly used tallow candles (0:129) p - 5 uncursed wax candles (0:400) s - an uncursed sack x - an uncursed pair of lenses (being worn) B - 16 uncursed partly used tallow candles (0:189) Gems e - an uncursed worthless piece of green glass n - 3 uncursed worthless pieces of yellowish brown glass q - an uncursed worthless piece of red glass r - an uncursed worthless piece of violet glass y - an uncursed worthless piece of white glass z - an uncursed worthless piece of yellow glass N - an uncursed worthless piece of blue glass Contents of the sack: an uncursed scroll of charging 2 cursed scrolls of enchant armor an uncursed scroll of enchant weapon a blessed scroll of food detection an uncursed scroll of light a blessed scroll of taming an uncursed scroll of teleportation an uncursed spellbook of detect monsters an uncursed spellbook of finger of death an uncursed potion of confusion an uncursed potion of extra healing an uncursed potion of gain energy an uncursed potion of healing an uncursed potion of paralysis an uncursed potion of sickness Spells and supernatural/magical abilities: Name Level Category Fail Memory W - pray for help -- divine ? -- Your skills at the end: Miscellaneous Skills wands [Basic] Weapon Skills dagger [Skilled] short sword [Basic] Spellcasting Skills healing spells [Basic] Final Attributes: You were piously aligned. You were sleep resistant. You saw invisible. You had infravision. You were stealthy. You were protected from shape changers. Kos was angry with you. You are dead. Vanquished creatures: a dwarf king 2 gnome kings a rock piercer 4 gnome lords a gray ooze 2 elf zombies a straw golem 3 little dogs 6 dwarves a kobold shaman a centipede a giant bat 2 orc zombies 2 hobbits a gecko a giant rat a brown mold 17 gnomes 4 jackals a kobold 3 newts a sewer rat 8 grid bugs 5 lichens a kobold zombie 71 creatures vanquished. Voluntary challenges: You were vegetarian. You used a wielded weapon 113 times, starting on turn 128. You did not apply a unicorn horn. You read items or engraved 1 time, starting on turn 1407. You never genocided any monsters. You never polymorphed an object. You never changed form. You used no wishes. You never split a pudding. You never wrote Elbereth's name. You never violated your personal moral code. Dungeon overview: The Dungeons of Doom: levels 1 to 2 Level 1 a long staircase Level 2 an altar to Kos, a fountain stairs to The Gnomish Mines The Gnomish Mines: levels 3 to 5 Level 3 stairs to The Dungeons of Doom Level 4 Level 5 <- You were here some shops, some fountains, some trees History has recorded: On T:1 you entered the Dungeons of Doom to retrieve the Amulet of Yendor! On T:366 you reached level 2 of The Dungeons of Doom. On T:418 you advanced to experience level 2. On T:1066 you advanced to experience level 3. On T:1175 you received Valerian from Kos. On T:1216 you reached level 1 of The Gnomish Mines. On T:1225 you advanced to experience level 4. On T:1324 you advanced to experience level 5. On T:1383 you reached level 2 of The Gnomish Mines. On T:1502 you advanced to experience level 6. On T:2156 you reached level 3 of The Gnomish Mines. Score breakdown: Gold: 204 ( 20 points) Experience: 6 levels ( 500 points) Exploration: 5 levels ( 120 points) Discoveries: 1 item ( 50 points) Variety of kills: 25 monsters ( 1250 points) Major goal: (nothing yet) ( 0 points) Survival: died (score multiplied by 3) Total score: 5820 Latest messages: You come to. The door resists! The door opens. "Hello, Frizzbo! Welcome to Rathel's hardware store!" You faint from lack of food. You come to. You faint from lack of food. You come to. You faint from lack of food. You come to. You faint from lack of food. You come to. The door opens. "Hello, Frizzbo! Welcome to Aklavik's general store!" You faint from lack of food. It is missed. Something is hit. You come to. You faint from lack of food. It is missed. Something is hit. Something stabs you! (4x) You try to draw healing from your surroundings, but you are too weak. Something stabs you! (2x) You die... Aklavik gratefully inherits all your possessions. Final status: Goodbye Frizzbo the Rogue, killed by a gnome lord, while fainted from lack of food... You died in The Gnomish Mines on dungeon level 5 with 5820 points, and 204 pieces of gold, after 2546 moves. You were level 6 with a maximum of 40 hit points when you died.